 Dungeon Crawl Stone Soup version 0.30-a0-928-g7f6bbad527 (webtiles) character file.

Game seed: 18245635096525783038

7455 Grim the Cleaver (level 10, -4/130 HPs)
             Began as a Minotaur Berserker on Mar 23, 2023.
             Was an Elder of Trog.
             Slain by a hornet (6 damage)
             ... while paralysed by a hornet
             ... on level 9 of the Dungeon.
             The game lasted 00:13:22 (8383 turns).

Grim the Cleaver (Minotaur Berserker)               Turns: 8383, Time: 00:13:22

Health: -4/130     AC:  9    Str: 25    XL:     10   Next: 94%
Magic:  9/9        EV:  2    Int:  4    God:    Trog [****..]
Gold:   416        SH:  0    Dex: 11    Spells: 9/9 levels left

rFire   . . .      SeeInvis .    r - +0 war axe
rCold   . . .      Faith    +    (no shield)
rNeg    . . .      Spirit   .    y - +0 plate armour
rPois   +          Reflect  .    M - +2 hat
rElec   .          Rampage  .    G - scarf {+Inv}
rCorr   .                        k - +1 pair of gloves
Will    .....                    (no boots) Stlth
                                 t - amulet of faith
HPRegen 0.41/turn                w - +5 ring of evasion
MPRegen 0.11/turn                q - ring of poison resistance

@: paralysed, berserking, lethally poisoned (-4 -> -8), corroded
A: horns 2, retaliatory headbutt, iridescent scales 1, frail 1, wild magic 1,
MP-powered wands
a: Renounce Religion, Evoke Invisibility, Berserk, Trog's Hand, Brothers in Arms


You were on level 9 of the Dungeon.
You worshipped Trog.
Trog was greatly pleased with you.
You visited 1 branch of the dungeon, and saw 9 of its levels.

You collected 416 gold pieces.

Inventory:

Hand Weapons
 r - a +0 war axe (weapon)
 J - the +8 hammer "Dairroloc" {flame, rN+ rCorr MP+9 Stlth+}
   (You found it on level 6 of the Dungeon)

   rN:        It protects you from negative energy.
   MP:        It affects your magic capacity (+9).
   rCorr:     It protects you from acid and corrosion.
   Stlth:     It makes you more stealthy.
Armour
 k - a +1 pair of gloves (worn)
 y - a +0 plate armour (worn)
 G - a scarf of invisibility (worn)
 M - a +2 hat (worn)
Jewellery
 b - an amulet of guardian spirit
 q - a ring of poison resistance (right hand)
 s - a ring of ice
 t - an amulet of faith (around neck)
 w - a +5 ring of evasion (left hand)
 C - a ring of protection from fire
Wands
 n - a wand of iceblast (13)
 D - a wand of quicksilver (11)
Scrolls
 d - a scroll of fear {unknown}
 e - 2 scrolls of immolation
 f - 3 scrolls of blinking
 g - 2 scrolls of magic mapping {unknown}
 i - 3 scrolls of amnesia
 l - a scroll of noise {unknown}
 m - a scroll of enchant weapon {unknown}
 o - 2 scrolls of fog {unknown}
 p - 4 scrolls of teleportation {unknown}
 v - a scroll of acquirement {unknown}
 E - a scroll of vulnerability {unknown}
 L - 3 scrolls of poison {unknown}
Potions
 c - a potion of haste
 h - 3 potions of heal wounds
 j - 2 potions of flight
 u - a potion of attraction
 x - 3 potions of resistance
 z - 3 potions of degeneration {!q}
 A - a potion of cancellation
 B - a potion of lignification
 F - a potion of brilliance
 H - a potion of invisibility


   Skills:
 * Level 12.1 Fighting
 - Level 14.6 Axes
 - Level 2.4 Armour
 - Level 2.1 Dodging
 + Level 6.1 Evocations


You had 9 spell levels left.
You didn't know any spells.
Your spell library was empty.

Dungeon Overview and Level Annotations

Branches:
Dungeon (9/15)             Temple (0/1) D:5             Orc (0/2) D:9
   Lair: D:8-11

Altars:
Cheibriados
Elyvilon
Gozag
Makhleb
Trog
Vehumet
Yredelemnul
Zin
The Shining One

Shops:
D:7 *


Innate Abilities, Weirdness & Mutations

You have a pair of horns on your head.
You reflexively headbutt those who attack you in melee.
You are partially covered in iridescent scales. (AC +2)
You are frail. (-10% HP)
Your spells are a little harder to cast, but a little more powerful.
You expend magic power (3 MP) to strengthen your wands.


Message History

You feel very sick. The hornet barely misses you.
The acid dragon barely misses you. The acid dragon claws you.
* * * LOW HITPOINT WARNING * * *
A red film seems to cover your vision as you go berserk!
You feel yourself moving faster!
You feel mighty!
You feel very sick. The hornet stings you.
* * * LOW HITPOINT WARNING * * *
The acid dragon bites you!
* * * LOW HITPOINT WARNING * * *
The acid dragon closely misses you. The hornet closely misses you.
You closely miss the hornet. Your punch misses the hornet.
The hornet is moderately wounded.
You slash the acid dragon!
You feel sick.
You slash the hornet!
The hornet is heavily wounded.
You slash the acid dragon!
You feel sick. The hornet stings you!
* * * LOW HITPOINT WARNING * * *
You suddenly lose the ability to move!
The acid dragon bites you but does no damage.
The acid dragon claws you but does no damage.
You feel very sick.
The hornet stings you but does no damage.
The acid dragon bites you.
* * * LOW HITPOINT WARNING * * *
The acid dragon claws you but does no damage.
The hornet stings you.
* * * LOW HITPOINT WARNING * * *
You feel yourself slow down.
You feel sick.
The hornet stings you but does no damage.
The acid dragon spits acid at you. The splash of acid hits you!!
* * * LOW HITPOINT WARNING * * *
The acid corrodes you!
You feel yourself speed up.
* * * LOW HITPOINT WARNING * * *
You feel sick. The hornet stings you.
You die...

# #.........#
#.........#
#.........#
##.........#
.##..........#
#.........###.#
#.........###.#
.....)..Dy)...#
.........@##..#
...##.######..#
.#............#
#######......#
#####..# ###..#
##....# #..#..#
.#######(##..#


You could see a hornet and an acid dragon (catching breath).

Vanquished Creatures
  Harold (D:9)
  A two-headed ogre (D:8)
  Pikel (D:8)
  Joseph (D:8)
  3 kobold demonologists (D:9)
  2 hornets (D:8)
  A steam dragon (D:8)
  4 wargs (D:9)
  2 water moccasins
  Duvessa (D:5)
  A black bear (D:6)
  2 orc warriors (D:9)
  4 ice beasts
  2 sky beasts
  3 centaurs
  3 lemures (D:9)
  4 kobold brigands
  4 bullfrogs
  A gnoll sergeant (D:6)
  3 scorpions
  2 wights
  Dowan (D:5)
  2 killer bees (D:9)
  2 howler monkeys (D:9)
  Crazy Yiuf (D:6)
  9 hounds
  7 orc priests
  4 jellies (D:6)
  A sleepcap (D:6)
  7 iguanas
  7 orc wizards
  10 adders
  A shadow imp (D:6)
  An ufetubus (D:4)
  A worm (D:4)
  7 dart slugs
  37 orcs
  4 ball pythons
  5 endoplasms
  4 giant cockroaches
  7 goblins
  11 hobgoblins
  2 jackals (D:1)
  22 kobolds
  3 quokkas
  4 bats
  3 frilled lizards (D:1)
  9 rats
218 creatures vanquished.

Vanquished Creatures (others)
  An orc wizard (D:9)
1 creature vanquished.

Grand Total: 219 creatures vanquished

Notes
Turn   | Place    | Note
-------+----------+-------------------------------------------
     0 | D:1      | Grim the Minotaur Berserker began the quest for the Orb.
     0 | D:1      | Reached XP level 1. HP: 19/19 MP: 0/0
   258 | D:1      | Reached skill level 4 in Axes
   375 | D:1      | Reached XP level 2. HP: 21/26 MP: 1/1
   455 | D:1      | Found a faded altar of an unknown god.
   733 | D:1      | Reached skill level 5 in Axes
   767 | D:1      | Reached ** piety under Trog
   790 | D:1      | Reached XP level 3. HP: 31/31 MP: 2/2
  1838 | D:3      | Found a white marble altar of Elyvilon.
  1901 | D:3      | Reached skill level 6 in Axes
  1901 | D:3      | Reached XP level 4. HP: 24/39 MP: 3/3
  2128 | D:3      | Reached XP level 5. HP: 45/45 MP: 4/4
  2138 | D:3      | Reached skill level 7 in Axes
  2756 | D:4      | Reached skill level 8 in Axes
  2860 | D:4      | Reached XP level 6. HP: 41/51 MP: 5/5
  3007 | D:4      | Reached *** piety under Trog
  3083 | D:4      | Noticed a sky beast
  3093 | D:4      | Killed a sky beast
  3094 | D:4      | Reached skill level 9 in Axes
  3428 | D:4      | Reached XP level 7. HP: 57/57 MP: 6/6
  3847 | D:5      | Entered Level 5 of the Dungeon
  3875 | D:5      | Reached skill level 10 in Axes
  4122 | D:5      | Found a radiant altar of Vehumet.
  4129 | D:5      | Found a basalt altar of Yredelemnul.
  4137 | D:5      | Found an opulent altar of Gozag.
  4296 | D:5      | Found a staircase to the Ecumenical Temple.
  4450 | D:5      | Noticed Dowan
  4450 | D:5      | Noticed Duvessa
  4459 | D:5      | Killed Duvessa
  4460 | D:5      | Reached skill level 11 in Axes
  4465 | D:5      | Killed Dowan
  4609 | D:6      | Reached XP level 8. HP: 60/64 MP: 7/7
  4663 | D:6      | Found a glowing silver altar of Zin.
  4689 | D:6      | Reached skill level 12 in Axes
  4728 | D:6      | Reached **** piety under Trog
  4775 | D:6      | Reached skill level 13 in Axes
  5166 | D:6      | Reached skill level 14 in Axes
  5457 | D:6      | Reached XP level 9. HP: 63/70 MP: 8/8
  5511 | D:6      | Found a bloodstained altar of Trog.
  5654 | D:6      | Found a runed translucent door.
  5655 | D:6      | Noticed Crazy Yiuf
  5662 | D:6      | Killed Crazy Yiuf
  5667 | D:6      | Identified the +8 hammer "Dairroloc" {flame, rN+ rCorr MP+9
                  | Stlth+}
  6014 | D:7      | Found a snail-covered altar of Cheibriados.
  6309 | D:7      | Found Nore's Gadget Gallery.
  6331 | D:7      | Reached skill level 1 in Evocations
  6397 | D:7      | Reached skill level 5 in Fighting
  6481 | D:7      | Found a glowing golden altar of the Shining One.
  7218 | D:8      | Gained mutation: You are clumsy. (Dex -2) [potion of
                  | mutation]
  7218 | D:8      | Gained mutation: You are partially covered in iridescent
                  | scales. (AC +2) [potion of mutation]
  7219 | D:8      | Lost mutation: You are clumsy. (Dex -2) [potion of
                  | mutation]
  7219 | D:8      | Lost mutation: You are partially covered in iridescent
                  | scales. (AC +2) [potion of mutation]
  7219 | D:8      | Gained mutation: You are frail. (-10% HP) [potion of
                  | mutation]
  7219 | D:8      | Gained mutation: You are partially covered in iridescent
                  | scales. (AC +2) [potion of mutation]
  7219 | D:8      | Gained mutation: You expend magic power (3 MP) to
                  | strengthen your wands. [potion of mutation]
  7219 | D:8      | Gained mutation: Your spells are a little harder to cast,
                  | but a little more powerful. [potion of mutation]
  7256 | D:8      | Noticed Joseph
  7282 | D:8      | Killed Joseph
  7375 | D:8      | Noticed a two-headed ogre
  7383 | D:8      | Killed a two-headed ogre
  7384 | D:8      | Reached XP level 10. HP: 81/81 MP: 9/9
  7668 | D:8      | Identified the +4 trident of the End of Times {heavy, Will+
                  | Str+3}
  7745 | D:8      | Found a burning altar of Makhleb.
  7937 | D:9      | Identified the +7 falchion "Isku" {venom, rC+ rN+ Str-4}
  8004 | D:9      | Reached skill level 10 in Fighting
  8026 | D:9      | Reached skill level 5 in Evocations
  8043 | D:9      | Noticed Harold
  8071 | D:9      | Killed Harold
  8096 | D:9      | Noticed Pikel
  8112 | D:9      | Found a staircase to the Orcish Mines.
  8297 | D:8      | Killed Pikel
  8380 | D:9      | Paralysed by a hornet for 3 turns
  8382 | D:9      | HP: 3/130 [acid dragon/splash of acid (20)]
  8383 | D:9      | Slain by a hornet

Illustrated notes

Levels and vault maps discovered:
D:1:      dpeg_cavernosity, layout_loops_corners,
          shapermc_ecumenical_altar_petra, item_on_display_a
D:2:      layout_loops_ring
D:3:      layout_basic, nicolae_elyvilon_peaceful_grove
D:4:      layout_loops_cross
D:5:      layout_basic, minitemple, minmay_temple_entry_arrows,
          corexii_leaking_fountain, uniq_duvessa
D:6:      minmay_chambers_of_threes, layout_cave_pools, kennysheep_mini,
          zin_academy, uniq_crazy_yiuf_cottage
D:7:      layout_gridville, mainiacjoe_overflow_six_doors_small,
          mainiacjoe_overflow_24_doors, nicolae_shop_gadgets
D:8:      layout_cave_pools, lightli_temple_of_fire, hangedman_decor_push,
          uniq_joseph
D:9:      minmay_imperfect_grid, layout_rooms, minmay_orc_entry_guard_dogs,
          uniq_harold, uniq_pikel

Skill      XL: |  1  2  3  4  5  6  7  8  9 10 |
---------------+-------------------------------+-----
Axes           | 4 5 6 8 9 11 14 | 14.6
Fighting       | 8 12 | 12.1
Evocations     | 4 6 |  6.1
Armour         | |  2.4
Dodging        | |  2.1

Action                     |  1- 3 |  4- 6 |  7- 9 | 10-12 || total
---------------------------+-------+-------+-------+-------++-------
  Melee: Hand axe          |    85 |   133 |   317 |   151 ||   686
         Headbutt          |    12 |    14 |    48 |    28 ||   102
         Punch             |     1 |       |     2 |       ||     3
         War axe           |       |       |       |     6 ||     6
  Throw: Throwing net      |       |       |       |     2 ||     2
 Invoke: Berserk           |     1 |     2 |     5 |     3 ||    11
         Trog's Hand       |       |     2 |     2 |     1 ||     5
    Use: Scroll            |       |       |    12 |     2 ||    14
         Potion            |       |       |     2 |     1 ||     3
 Armour: Animal skin       |    13 |     1 |       |       ||    14
         Leather armour    |       |    25 |       |       ||    25
         Plate armour      |       |       |   117 |    64 ||   181
  Dodge: Dodged            |    52 |    79 |   119 |    65 ||   315

Table legend: (Time is in decaauts)
 A = Elapsed time spent in this place.
 B = Non-inter-level travel time spent in this place.
 C = Inter-level travel time spent in this place.
 D = Time resting spent in this place.
 E = Time spent auto-exploring this place.
 F = Levels seen in this place.
 G = Mean time per level.
                   A        B        C        D        E       F      G
               +--------+--------+--------+--------+--------+-----+--------+
         Total |   8268 |   8016 |    252 |   1892 |   4905 |   9 |  918.7 |
       Dungeon |   8268 |   8016 |    252 |   1892 |   4905 |   9 |  918.7 |
               +--------+--------+--------+--------+--------+-----+--------+

Top non-repeatable levels by time:
     D:6: 1367 daAuts
     D:1: 1184 daAuts
     D:4: 1097 daAuts
     D:7: 1060 daAuts
     D:8: 1040 daAuts
     D:3: 957 daAuts
     D:5: 754 daAuts
     D:2: 626 daAuts
     D:9: 180 daAuts
